 Dungeon Crawl Stone Soup version 0.22-a0-252-gcace5d2 (webtiles) character file.

70 Zwobot the Skirmisher (level 4, 0/36 HPs)
             Began as a Demonspawn Fighter on Mar 1, 2018.
             Slain by a gnoll
             ... wielding a +0 spear
              (1 damage)
             ... on level 2 of the Dungeon.
             The game lasted 00:02:32 (1236 turns).

Zwobot the Skirmisher (Demonspawn Fighter)          Turns: 1236, Time: 00:02:33

Health: 0/36       AC:  7    Str: 22    XL:     4   Next: 4%
Magic:  4/4        EV:  7    Int:  9    God:
Gold:   63         SH:  9    Dex: 13    Spells: 3/3 levels left

rFire    . . .     SeeInvis .   a - +0 flail
rCold    . . .     Gourm    .   c - +0 shield
rNeg     . . .     Faith    .   b - +0 scale mail
rPois    .         Spirit   .   (no helmet)
rElec    .         Reflect  .   (no cloak)
rCorr    .         Harm     .   (no gloves)
MR       .....                  (no boots)
Stlth    ..........             (no amulet)
HPRegen  0.12/turn              (no ring)
MPRegen  0.09/turn              (no ring)

@: mighty, lethally poisoned (0 -> -2)
A: rugged brown scales 1
a: no special abilities


You were on level 2 of the Dungeon.
You were not hungry.

You visited 1 branch of the dungeon, and saw 2 of its levels.

You collected 63 gold pieces.

Inventory:

Hand Weapons
 a - a +0 flail (weapon)
Missiles
 h - 19 bolts
Armour
 b - a +0 scale mail (worn)
 c - a +0 shield (worn)
Comestibles
 f - a ration
 g - 2 chunks of flesh


   Skills:
 + Level 3.3 Fighting
 * Level 3.3 Maces & Flails
 + Level 3.1 Armour
 - Level 2.6 Shields


You had 3 spell levels left.
You didn't know any spells.

Dungeon Overview and Level Annotations

Branches:
Dungeon (2/15)

Altars:


Innate Abilities, Weirdness & Mutations

You are partially covered in rugged brown scales. (AC +1, +3% HP)


Message History

The gnoll hits you from afar with a spear.
* * * LOW HITPOINT WARNING * * *
The adder barely misses you.
You sock the adder!
You kill the adder!
You have reached level 4!
You feel agile.
You feel sick. The gnoll hits you but does no damage.
You block the gnoll's attack. The gnoll hits you with a spear.
* * * LOW HITPOINT WARNING * * *
Things that are here:
a dagger; an adder corpse You closely miss the gnoll.
The gnoll hits you with a spear.
* * * LOW HITPOINT WARNING * * *
You hit the gnoll but do no damage.
* * * LOW HITPOINT WARNING * * *
You feel sick. You block the gnoll's attack.
You closely miss the gnoll. The gnoll hits you with a spear.
You die...

.......#.##..#.#.
#..#..#.#..........
#.....#....... ..# #
#.....<.#...# ..
..##.##.###...# ..
..............# .# .#
####.##.###.#.#
.##..#
#.##.###.#.####[....#
#.[......#..g@...#
####.##.###########.#
............... ..
#######.####### .#
...........# #
######.###.#
..รท....# # #.######
..#


You could see a gnoll.

Vanquished Creatures
  4 adders
  2 oozes (D:1)
  2 giant cockroaches (D:1)
  4 hobgoblins (D:1)
  4 jackals (D:1)
  4 bats
  2 frilled lizards (D:1)
  2 goblins (D:1)
  A kobold (D:1)
  3 rats (D:1)
28 creatures vanquished.

Notes
Turn   | Place    | Note
-------+----------+-------------------------------------------
     0 | D:1      | Zwobot the Demonspawn Fighter began the quest for the Orb.
     0 | D:1      | Reached XP level 1. HP: 18/18 MP: 1/1
   209 | D:1      | Gained mutation: You are partially covered in rugged brown scales. (AC +1, +3% HP) [demonic ancestry]
   209 | D:1      | Reached XP level 2. HP: 17/24 MP: 2/2
   536 | D:1      | Reached XP level 3. HP: 23/29 MP: 3/3
  1232 | D:2      | Reached XP level 4. HP: 11/36 MP: 4/4
  1235 | D:2      | HP: 1/36 [poisoned by an adder]
  1236 | D:2      | Slain by a gnoll

Vault maps used:
D:1:      lemuel_arrival_lava_pool
D:2:      minmay_tromino_v2

Skill      XL: |  1  2  3 |
---------------+----------+-----
Maces & Flails | 2 3 |  3.3
Armour         | 3 |  3.1
Fighting       | |  3.3
Shields        | |  2.6

Action                   |  1- 3 |  4- 6 || total
-------------------------+-------+-------++-------
Melee: Flail             |   120 |     3 ||   123
  Use: Potion            |     3 |       ||     3
       Scroll            |     2 |       ||     2
  Eat: Chunk             |     1 |       ||     1
Armor: Scale mail        |    84 |       ||    84
Dodge: Dodged            |    46 |       ||    46
Block: Shield            |    86 |     2 ||    88

Table legend:
 A = Spawn XP
 B = Non-spawn XP
 C = Spawn XP percentage of total XP
 D = Spawn monster count
 E = Non-spawn monster count
 F = Spawn count percentage of total count
 G = Total turns spent on level
                    A         B        C        D         E        F      G
               +---------+---------+-------+---------+---------+-------+---------
         Total |       0 |     101 |   0.0 |       0 |      28 |   0.0 |  1236
               +---------+---------+-------+---------+---------+-------+---------
           D:1 |       0 |      60 |   0.0 |       0 |      24 |   0.0 |  1019
           D:2 |       0 |      41 |   0.0 |       0 |       4 |   0.0 |   217
               +---------+---------+-------+---------+---------+-------+---------
